 Dungeon Crawl Stone Soup version 0.26-a0-648-g87339cca5e (webtiles) character file.

Game seed: 11985398878946856413

8 knot the Skirmisher (level 2, 24/24 HPs)
             Began as a Demonspawn Berserker on Sept 26, 2020.
             Was a Follower of Trog.
             Quit the game on level 1 of the Dungeon.
             The game lasted 00:00:32 (406 turns).

knot the Skirmisher (Demonspawn Berserker)           Turns: 406, Time: 00:00:33

Health: 24/24      AC:  2    Str: 17    XL:     2   Next: 0%
Magic:  2/2        EV: 12    Int:  8    God:    Trog [*.....]
Gold:   64         SH:  0    Dex: 12    Spells: 1/1 levels left

rFire    . . .     SeeInvis .   a - +0 hand axe
rCold    . . .     Faith    .   (no shield)
rNeg     . . .     Spirit   .   b - +0 animal skin
rPois    .         Reflect  .   (no helmet)
rElec    .         Harm     .   (no cloak)
rCorr    .         Rampage  .   (no gloves)
MR       .....                  (no boots)
Stlth    +.........             (no amulet)
HPRegen  0.08/turn              (no ring)
MPRegen  0.08/turn              (no ring)

@: no status effects
A: spiny 1
a: Berserk, Renounce Religion


You were on level 1 of the Dungeon.
You worshipped Trog.
Trog was aware of your devotion.
You visited 1 branch of the dungeon, and saw 1 of its levels.

You collected 64 gold pieces.

Inventory:

Hand Weapons
 a - a +0 hand axe (weapon)
Missiles
 i - 2 throwing nets (quivered)
Armour
 b - a +0 animal skin (worn)
Scrolls
 d - a scroll of fog {unknown}
 f - a scroll of identify {unknown}
 g - a scroll of enchant armour {unknown}
 j - a scroll of random uselessness {unknown}
 k - a scroll of magic mapping {unknown}
Potions
 c - 2 potions of degeneration {unknown}
 e - a potion of invisibility {unknown}
 h - a potion of cancellation {unknown}


   Skills:
 - Level 3.1 Fighting
 * Level 3.0 Axes
 * Level 0.2 Throwing
 - Level 1.8 Armour
 - Level 1.8 Dodging


You had one spell level left.
You didn't know any spells.
Your spell library was empty.

Dungeon Overview and Level Annotations

Branches:
Dungeon (1/15)

Altars:


Innate Abilities, Weirdness & Mutations

You are partially covered in sharp spines.


Message History

No target in view!
No target in view!
No target in view!
j - a scroll labeled JIPODU NEIL You now have 58 gold pieces (gained 1).
You now have 64 gold pieces (gained 6).
k - a scroll labeled OCOTZE ALOBO A kobold comes into view.
It is wielding a +0 short sword.
Found 11 gold pieces.
A kobold is nearby!
Found a scroll labeled MOENEG YL EPYTS.
Found a stone staircase leading down.
The kobold shouts!
You hear an angry hiss.
You slash the kobold!
You kill the kobold!
Trog accepts your kill.
You have reached level 2!
Your demonic ancestry asserts itself...
Sharp spines emerge from parts of your body.
A frilled lizard comes into view.
Are you sure you want to abandon this character and quit the game? (Confirm with "yes".)

.).# ..## #### ###
†..######## #$.
..........## #.# #####
..........(.##.###...$#
...######.............##
....####### #....#.....#
.........÷###.##@)......
#########.....####....#.
##### ##............?l
....## ##.#######....>.
.....## #..# ...
......###.## .#
......##...# .
......##...#
......##...#


You could see a frilled lizard.

Vanquished Creatures
  A giant cockroach (D:1)
  3 hobgoblins (D:1)
  A frilled lizard (D:1)
  A kobold (D:1)
  2 rats (D:1)
8 creatures vanquished.

Notes
Turn   | Place    | Note
-------+----------+-------------------------------------------
     0 | D:1      | knot the Demonspawn Berserker began the quest for the Orb.
     0 | D:1      | Reached XP level 1. HP: 18/18 MP: 1/1
   405 | D:1      | Gained mutation: You are partially covered in sharp spines.
                  | [demonic ancestry]
   405 | D:1      | Reached XP level 2. HP: 24/24 MP: 2/2
   406 | D:1      | Quit the game

Illustrated notes

Levels and vault maps discovered:
D:1:      eino_arrival_cavern_a, layout_rooms, minmay_misc_feat_hallway,
          chequers_arboretum

Skill      XL: |  1 |
---------------+----+-----
Axes           | 3 |  3.0
Fighting       | |  3.1
Throwing       | |  0.2
Armour         | |  1.8
Dodging        | |  1.8

Action                   || total
-------------------------++-------
Melee: Hand axe          ||    26
Armor: Animal skin       ||     3
Dodge: Dodged            ||    15

Table legend: (Time is in decaauts)
 A = Elapsed time spent in this place.
 B = Non-inter-level travel time spent in this place.
 C = Inter-level travel time spent in this place.
 D = Time resting spent in this place.
 E = Time spent auto-exploring this place.
 F = Levels seen in this place.
 G = Mean time per level.
                   A        B        C        D        E       F      G
               +--------+--------+--------+--------+--------+-----+--------+
         Total |    409 |    377 |     32 |      0 |    320 |   1 |  409.0 |
       Dungeon |    409 |    377 |     32 |      0 |    320 |   1 |  409.0 |
               +--------+--------+--------+--------+--------+-----+--------+

Top non-repeatable levels by time:
     D:1: 409 daAuts
